 Dungeon Crawl Stone Soup version 0.27-a0-1140-g099f9bb0e8 (webtiles) character file.

Game seed: 2091521233721754008

21 sanka the Magician (level 2, 0/22 HPs)
             Began as a Djinni Summoner on May 9, 2021.
             Was a Follower of Elyvilon.
             Slain by an orc
             ... wielding a +0 club
              (1 damage)
             ... on level 2 of the Dungeon.
             The game lasted 00:01:55 (1623 turns).

sanka the Magician (Djinni Summoner)                Turns: 1623, Time: 00:01:57

Health: 0/22       AC:  2    Str:  7    XL:     2   Next: 87%
Gold:   52         EV: 12    Int: 16    God:    Elyvilon [*.....] SH:  0 Dex: 13

rFire    + + .     SeeInvis .   b - +0 great sword
rCold    x . .     Faith    .   (shield currently unavailable)
rNeg     . . .     Spirit   .   a - +0 robe
rPois    ∞         Reflect  .   (no helmet)
rElec    .         Harm     .   (no cloak)
rCorr    .         Rampage  .   (no gloves)
Will     .....                  (boots unavailable)
Stlth    ++........             (no amulet)
HPRegen  0.07/turn              (no ring)
MPRegen  0.00/turn              (no ring)

@: flying
A: sickness immunity, fire resistance 2, cold vulnerability 1, float, innate
caster, hp casting, extra vitality 1
a: Renounce Religion, Lesser Healing, Divine Protection


You were on level 2 of the Dungeon.
You worshipped Elyvilon.
Elyvilon was aware of your devotion.
You visited 1 branch of the dungeon, and saw 2 of its levels.

You collected 52 gold pieces.


Innate Abilities, Weirdness & Mutations

You are immune to sickness and miasma.
You are immune to poison.
Your flesh is very heat resistant. (rF++)
You are vulnerable to cold. (rC-)
You float through the air rather than walking.
You learn spells naturally, not from books.
Your magical power is your life essence.
You have superior vitality. (+4 HP)


   Skills:
 + Level 1.1 Fighting
 + Level 2.7 Dodging
 - Level 1.5 Stealth
 + Level 3.8 Spellcasting


You couldn't memorise any spells.
You knew the following spells:

 Your Spells              Type           Power      Damage    Failure   Level
c - Call Canine Familiar  Summ           15%        N/A       11%         3
v - Summon Ice Beast      Ice/Summ       15%        N/A       34%         4
x - Call Imp              Summ           15%        N/A       5%          2
z - Summon Small Mammal   Summ           60%        N/A       3%          1
X - Summon Lightning Spi  Summ/Air       15%        N/A       34%         4
Z - Summon Guardian Gole  Hex/Summ       15%        N/A       11%         3
Your spell library was empty.

Inventory:

Hand Weapons
 b - a +0 great sword (weapon)
Missiles
 c - 3 curare-tipped darts {=f}
Armour
 a - a +0 robe (worn)
Scrolls
 e - a scroll of brand weapon {unknown}
 f - a scroll of blinking {unknown}
 g - a scroll of fear {unknown}
Potions
 d - a potion of heal wounds {unknown}

Dungeon Overview and Level Annotations

Branches:
Dungeon (2/15)

Altars:
Elyvilon

▒......
▒.....>
▒...... £....
.... ▒..▒▒
▒.go▒ ▒ ▒R▒▒▒▒
...▒▒.▒....▒.▒
....>..<.....▒
...▒▒▒.▒▒▒...▒
▒. ..... ▒.
..<▒ .. ▒.▒ ▒.
.▒ ▒▒


You could see an orc and a hobgoblin.


Message History

You closely miss the orc. The orc hits you with a +0 club.
The orc hits you with a +0 club.
Unknown command.
You hit the hobgoblin.
The hobgoblin is moderately wounded.
A bat comes into view.
The orc hits you but does no damage. The hobgoblin hits you.
* * * LOW HITPOINT WARNING * * *
The orc hits you with a +0 club.
* * * LOW HITPOINT WARNING * * *
The hobgoblin closely misses you.
You riposte.
You barely miss the hobgoblin.
The hobgoblin is moderately wounded.
The bat moves out of view.
You slash the hobgoblin!
You kill the hobgoblin!
The orc hits you with a +0 club.
* * * LOW HITPOINT WARNING * * *
Unknown command.
You barely miss the hobgoblin. The hobgoblin hits you.
* * * LOW HITPOINT WARNING * * *
The orc hits you with a +0 club. Elyvilon protects you from harm!
The hobgoblin closely misses you. The orc hits you with a +0 club.
You die...

Action                   || total
-------------------------++-------
Melee: Great sword       ||    23
 Cast: Summon Small Mamm ||    15
       Call Imp          ||     3
Armor: Robe              ||     7
Dodge: Dodged            ||    45
       Rpst.: Great sword ||    14

Levels and vault maps discovered:
D:1:      elethiomel_arrival_maze, layout_rooms,
          hellmonk_ecumenical_altar_crossroads, minmay_hexomino_p4
D:2:      layout_rooms, nrook_campfire

Notes
Turn   | Place    | Note
-------+----------+-------------------------------------------
     0 | D:1      | sanka the Djinni Summoner began the quest for the Orb.
     0 | D:1      | Reached XP level 1. HP: 15/15 MP: 0/0
   622 | D:1      | Reached XP level 2. HP: 14/22 MP: 0/0
   785 | D:1      | Found a faded altar of an unknown god.
  1033 | D:1      | HP: 1/22 [endoplasm (2)]
  1038 | D:1      | Reached skill level 1 in Fighting
  1560 | D:1      | Became a worshipper of Elyvilon the Healer
  1560 | D:1      | Reached * piety under Elyvilon
  1623 | D:2      | HP: 1/22 [hobgoblin (2)]
  1623 | D:2      | Elyvilon protects you from harm!
  1623 | D:2      | Slain by an orc

Vanquished Creatures
  An endoplasm (D:1)
  A giant cockroach (D:1)
  2 hobgoblins
  2 jackals (D:1)
  A frilled lizard (D:1)
  2 rats (D:1)
9 creatures vanquished.

Vanquished Creatures (collateral kills)
  2 endoplasms (D:1)
  2 goblins (D:1)
  3 hobgoblins (D:1)
  5 jackals (D:1)
  A quokka (D:1)
  2 frilled lizards (D:1)
15 creatures vanquished.

Grand Total: 24 creatures vanquished
